AoeStats
← HR nomadplayer

Nomad

509528151Analyzed
4v4 RM · 3d ago on Sep 27, 2026· 21m 40s· 8 players
Game mode
Random Map
Map size
231×231
Population
200
Speed
Normal
Resources
Standard
Victory
Conquest
Starting age
Dark Age
Ending age
Imperial Age
RankedLock teamsTeams togetherTeam positionsShared explorationLock speedFull tech treeHidden civsTurbo modeCheats
Victory
Defeat
🇺🇸 Khitans · United States
2035
+5
🇺🇸 Berbers · United States
1926
+8
🇺🇸 Dravidians · United States
1832
+11
🇺🇸 Turks · United States
1477
+25
🇨🇱 Britons · Chile
1845
-17
🇦🇷 Varangians · Argentina
1780
-14
🇦🇷 Magyars · Argentina
1680
-10
🇲🇽 Chinese · Mexico
1616
-8
develement
9:09 Loom
12:35 Feudal Age
16:18 Castle Age
15:18 Double-Bit Axe
17:05 Town Watch
20:35 Wheelbarrow
Bubbagump
11:36 Loom
13:32 Feudal Age
12:10 Loom
14:07 Fishing Lines
14:27 Double-Bit Axe
14:43 Town Watch
17:32 Castle Age
18:27 Medium Warships
18:32 Bow Saw
19:19 Gillnets
20:17 Wheelbarrow
Mastyjames
13:33 Loom
15:39 Feudal Age
16:21 Town Watch
16:44 Double-Bit Axe
16:44 Fishing Lines
19:16 Castle Age
17:07 Horse Collar
18:21 Gold Mining
20:14 Bow Saw
21:32 Wheelbarrow
21:09 Heavy Plow
22:04 Coinage
21:44 Stone Mining
Rovsea
5:19 Loom
13:13 Feudal Age
17:27 Castle Age
15:36 Padded Archer Armor
18:33 Double-Bit Axe
[SotC] Spirit
3:06 Loom
13:05 Feudal Age
18:21 Castle Age
16:20 Double-Bit Axe
17:25 Scale Barding Armor
17:30 Forging
18:18 Bloodlines
18:55 Horse Collar
19:16 Gold Mining
19:56 Bow Saw
HR nomadplayer
5:05 Loom
12:19 Feudal Age
14:30 Town Watch
15:10 Fletching
20:08 Forging
[SotC] Klovn
4:44 Loom
13:18 Feudal Age
14:43 Double-Bit Axe
15:37 Town Watch
21:11 Castle Age
Mati
5:34 Loom
14:41 Feudal Age
18:41 Castle Age
17:18 Double-Bit Axe
18:51 Light Cavalry
Connection lost

Rejoining the realm…

Still unreachable

The connection could not be restored.

Session expired

The server has moved on; the page needs a fresh start.